 Dungeon Crawl Stone Soup version 0.30.1-3-gfc49f6343a (webtiles) character file.

Game seed: 8062477661812586637

19862 cowcol the Severer (level 12, -6/101 (113) HPs)
             Began as a Minotaur Fighter on Aug 5, 2023.
             Was an Elder of Okawaru.
             Mangled by an ettin
             ... wielding a +0 dire flail of draining
              (26 damage)
             ... on level 1 of the Orcish Mines.
             The game lasted 00:41:20 (14775 turns).

cowcol the Severer (Minotaur Fighter)              Turns: 14775, Time: 00:41:21

HP:   -6/101 (113)  AC: 31    Str: 23    XL:     12   Next: 40%
MP:   10/12         EV:  9    Int:  5    God:    Okawaru [****..]
Gold: 910           SH:  5    Dex: 13    Spells: 11/11 levels left

rFire   . . .        O - +3 battleaxe
rCold   . . .        (shield currently unavailable)
rNeg    . . .        S - +2 plate armour {Will+}
rPois   .            (helmet restricted)
rElec   .            g - +2 cloak
rCorr   .            B - +2 pair of gloves
SInv    .            (no boots)
Will    +....        H - amulet of reflection Stlth
                     u - +4 ring of protection
HPRegen 0.36/turn    D - +4 ring of slaying
MPRegen 0.13/turn

%: reflection
@: heroic, heavily drained
A: horns 2, retaliatory headbutt
a: Renounce Religion, Heroism, Finesse


You were on level 1 of the Orcish Mines.
You worshipped Okawaru.
Okawaru was greatly pleased with you.
You visited 3 branches of the dungeon, and saw 15 of its levels.
You also visited: Bailey.

You collected 910 gold pieces.

Inventory:

Hand Weapons
 a - a +0 war axe
 v - a +0 short sword of flaming
 O - a +3 battleaxe (weapon)
Missiles
 f - 8 javelins
 h - 34 poisoned darts
 n - 4 boomerangs (quivered)
 I - a throwing net
 R - 3 silver boomerangs
Armour
 b - a +0 scale mail
 c - a +0 buckler
 g - a +2 cloak (worn)
 s - a +1 chain mail of cold resistance
 w - the +2 chain mail "Weumnoti" {Regen+}
   (You acquired it on level 4 of the Dungeon)

   Regen:     It increases your rate of health regeneration.
 A - a +0 plate armour
 B - a +2 pair of gloves (worn)
 S - a +2 plate armour of willpower (worn)
Jewellery
 p - a ring of protection from cold
 t - a ring of resist corrosion
 u - a +4 ring of protection (left hand)
 x - a ring of positive energy
 D - a +4 ring of slaying (right hand)
 H - an amulet of reflection (around neck)
 P - an amulet of regeneration
 Q - a ring of ice
Wands
 y - a wand of flame (26)
 C - a wand of polymorph (10)
Scrolls
 e - 7 scrolls of fog
 i - 4 scrolls of teleportation
 j - 2 scrolls of amnesia
 r - 4 scrolls of poison
 E - 2 scrolls of vulnerability
 L - 2 scrolls of butterflies
 M - 2 scrolls of identify
Potions
 d - 3 potions of magic
 k - a potion of ambrosia
 l - 3 potions of brilliance
 m - 8 potions of curing
 o - a potion of haste {unknown}
 q - a potion of heal wounds
 F - a potion of mutation {unknown}
 G - a potion of resistance
 J - a potion of flight {unknown}
 K - a potion of invisibility
 N - a potion of attraction


   Skills:
 + Level 12.3(17.3) Fighting
 + Level 17.6(22.6) Axes
 - Level 2.5(7.5) Throwing
 - Level 12.0(17.0) Armour
 - Level 4.4(9.4) Shields
 + Level 1.9 Invocations


You had 11 spell levels left.
You didn't know any spells.
Your spell library contained the following spells:

 Spells                   Type           Power      Damage    Failure   Level
 Apportation              Tloc           0%         N/A       98%         1
 Foxfire                  Conj/Fire      0%         2x1d4     98%         1
 Necrotise                Necr           0%         1d4       98%         1
 Shock                    Conj/Air       0%         1d3       98%         1
 Slow                     Hex            0%         N/A       98%         1
 Ensorcelled Hibernation  Hex/Ice        0%         N/A       99%         2
 Passwall                 Tmut/Erth      0%         N/A       99%         2
 Confusing Touch          Hex            0%         N/A       100%        3
 Ozocubu's Armour         Ice            0%         N/A       100%        3
 Portal Projectile        Hex/Tloc       0%         N/A       100%        3
 Swiftness                Air            0%         N/A       100%        3
 Vampiric Draining        Necr           0%         2d6       100%        3
 Airstrike                Air            0%         2d(0-16)  100%        4
 Leda's Liquefaction      Hex/Erth       0%         N/A       100%        4
 Manifold Assault         Tloc           0%         N/A       100%        4
 Borgnjor's Vile Clutch   Necr/Erth      0%         N/A       100%        5
 Fireball                 Conj/Fire      0%         3d3       100%        5
 Dispersal                Tloc           0%         N/A       100%        6
 Plasma Beam              Fire/Air       0%         2x1d11    100%        6
 Starburst                Conj/Fire      0%         6d3       100%        6
 Ozocubu's Refrigeration  Ice            0%         4d7       100%        7
 Disjunction              Tloc           0%         N/A       100%        8
 Summon Small Mammal      Summ           Unusable   N/A       N/A         1
 Call Canine Familiar     Summ           Unusable   N/A       N/A         3
 Summon Guardian Golem    Hex/Summ       Unusable   N/A       N/A         3
 Animate Dead             Necr           Unusable   N/A       N/A         4
 Death Channel            Necr           Unusable   N/A       N/A         6

Dungeon Overview and Level Annotations

Branches:
Dungeon (12/15)            Temple (1/1) D:5            Lair (0/5) D:8
    Orc (2/2) D:12         Bailey (visited)
    Elf: Orc:2

Altars:
Ashenzari
Cheibriados
Dithmenos
Elyvilon
Fedhas
Gozag
Hepliaklqana
Kikubaaqudgha
Makhleb
Nemelex Xobeh
Okawaru
Qazlal
Ru
Sif Muna
Trog
Uskayaw
Vehumet
Wu Jian
Xom
Yredelemnul
Zin
The Shining One

Annotations:
D:9 2 transporters, 3 runed translucent doors, Zeor's ghost, novice DsGl


Innate Abilities, Weirdness & Mutations

You have a pair of horns on your head.
You reflexively headbutt those who attack you in melee.


Message History

HP restored.
You start waiting.
You start waiting.
Done waiting.
You climb downwards.
You block the ettin's attack. x2
You block the orc's attack. The orc hits you with a +0 club.
There is a stone staircase leading up, spattered with blood here.
The ettin hits you with a +0 dire flail of draining!!
You feel drained.
The ettin hits you with a +0 dire flail!!
The orc barely misses you. You furiously retaliate!
You headbutt the orc!
You kill the orc!
Okawaru accepts your kill. You block the orc's attack.
You hear a howl!
You climb upwards.
There is a stone staircase leading down, spattered with blood here.
Items here: ))))))) [[[[[[.
Okay, then.
You gain the combat prowess of a mighty hero.
The orc hits you but does no damage.
The ettin hits you with a +0 dire flail of draining!!
* * * LOW HITPOINT WARNING * * *
You feel drained.
* * * LOW HITPOINT WARNING * * *
The ettin barely misses you.
You feel much better. The orc hits you but does no damage.
The ettin hits you but does no damage.
You feel drained.
The ettin hits you with a +0 dire flail!!
* * * LOW HITPOINT WARNING * * *
Items here: $ ))) [ รท.
The ettin attacks as you move away! The ettin barely misses you.
The ettin completely misses you. The orc attacks as you move away!
The orc hits you with a +0 club.
* * * LOW HITPOINT WARNING * * *
Things that are here:
a +1 heavy war axe; a +0 arbalest The ettin attacks as you move away!
The ettin hits you with a +0 dire flail of draining!!
You die...

### ###..###..##
##.######..........#
#....##............#
##...)....#........#
#....#........#.[[##
##.####.........[><#
### ##....#....$)##
#........o.)[#
##.^.....[@C.##
#........)[.).##
##.....#...[....#
#..............##
#.....##......##
#....####..)..##
##.### #.......# ###
####.....##
##.#......#


You could see an ettin and an orc.

Vanquished Creatures
  2 orc warlords
  A tengu warrior (D:11)
  An orc high priest (Orc:1)
  7 orc knights
  2 orc sorcerers
  A deep elf zephyrmancer (Bailey)
  A manticore (D:11)
  A cyclops (D:12)
  An unseen horror (D:12)
  3 trolls
  Prince Ribbit (D:5)
  4 slime creatures
  2 shadows
  A wyvern (D:7)
  3 wraiths
  9 yaks (D:10)
  2 steam dragons
  2 humans (D:10)
  2 vampire mosquitoes (D:12)
  Menkaure (D:5)
  2 acid dragons
  5 wargs
  Duvessa (D:7)
  A water moccasin (D:6)
  29 orc warriors
  3 ice beasts
  A sky beast (D:7)
  7 ogres
  2 kobold brigands
  A gnoll sergeant (D:5)
  2 bullfrogs (D:8)
  A scorpion (D:4)
  9 wights
  Dowan (D:7)
  6 killer bees
  8 howler monkeys
  A quasit (D:6)
  9 orc priests
  2 hounds
  Terence (D:3)
  4 iguanas
  3 sleepcaps
  10 orc wizards
  5 adders
  4 gnolls
  5 shadow imps (D:6)
  5 white imps
  3 ufetubi
  A dart slug (D:5)
  57 orcs
  11 endoplasms
  4 giant cockroaches
  6 goblins
  8 hobgoblins
  3 jackals (D:1)
  18 kobolds
  4 quokkas
  9 ball pythons
  7 bats
  A frilled lizard (D:2)
  4 rats
311 creatures vanquished.

Vanquished Creatures (others)
  A human (D:9)
1 creature vanquished.

Grand Total: 312 creatures vanquished

Notes
Turn   | Place    | Note
-------+----------+-------------------------------------------
     0 | D:1      | cowcol the Minotaur Fighter began the quest for the Orb.
     0 | D:1      | Reached XP level 1. HP: 19/19 MP: 0/0
   259 | D:1      | Reached XP level 2. HP: 27/27 MP: 1/1
   445 | D:1      | Reached XP level 3. HP: 29/33 MP: 2/2
   546 | D:1      | Reached skill level 3 in Axes
  1176 | D:2      | Found a hazy altar of Hepliaklqana.
  1418 | D:2      | Reached XP level 4. HP: 40/40 MP: 3/3
  1880 | D:3      | Reached skill level 4 in Axes
  2033 | D:3      | Noticed Terence
  2045 | D:3      | Killed Terence
  2046 | D:3      | Reached XP level 5. HP: 37/47 MP: 4/4
  2164 | D:3      | Found a basalt altar of Yredelemnul.
  2707 | D:4      | Reached skill level 5 in Axes
  2707 | D:4      | Reached skill level 5 in Armour
  2806 | D:4      | Reached XP level 6. HP: 53/53 MP: 5/5
  3210 | D:4      | Identified a scroll of acquirement
  3211 | D:4      | Acquired the +2 chain mail "Weumnoti" {Regen+}
  3600 | D:5      | Entered Level 5 of the Dungeon
  3609 | D:5      | Reached skill level 6 in Axes
  3609 | D:5      | Noticed Prince Ribbit
  3638 | D:5      | Killed Prince Ribbit
  3639 | D:5      | Reached skill level 5 in Fighting
  3639 | D:5      | Reached skill level 1 in Throwing
  3639 | D:5      | Reached XP level 7. HP: 8/61 MP: 6/6
  3706 | D:5      | Found a snail-covered altar of Cheibriados.
  3740 | D:5      | Reached skill level 7 in Axes
  3841 | D:5      | Found a staircase to the Ecumenical Temple.
  3851 | Temple   | Entered the Ecumenical Temple
  4571 | D:6      | Noticed Menkaure
  4578 | D:5      | Killed Menkaure
  4579 | D:5      | Reached skill level 8 in Axes
  4579 | D:5      | Reached XP level 8. HP: 29/70 MP: 7/7
  4866 | D:6      | Found an opulent altar of Gozag.
  5020 | D:6      | Reached skill level 9 in Axes
  5061 | D:6      | Found a blossoming altar of Fedhas.
  5163 | D:6      | Found a broken altar of Ashenzari.
  5459 | D:6      | Found a hazy altar of Hepliaklqana.
  5459 | D:6      | Found a burning altar of Makhleb.
  5524 | D:7      | Noticed Duvessa
  5525 | D:7      | Noticed Dowan
  5696 | D:7      | Found a hide-covered altar of Uskayaw.
  5706 | D:7      | Reached skill level 10 in Axes
  5870 | D:7      | Reached XP level 9. HP: 78/78 MP: 8/8
  6244 | D:7      | Identified the +2 chain mail "Yrhanem" {*Slow rC+ Str-4
                  | Int+7}
  6325 | D:7      | Killed Duvessa
  6327 | D:7      | Killed Dowan
  6588 | D:8      | Reached skill level 11 in Axes
  6870 | D:8      | Found a flagged portal.
  6874 | D:8      | Found a staircase to the Lair.
  6879 | Bailey   | Entered a bailey
  6955 | Bailey   | Reached skill level 12 in Axes
  7135 | Bailey   | Found a large runed translucent door.
  7135 | Bailey   | Found a large runed translucent door.
  7136 | Bailey   | Noticed a deep elf zephyrmancer
  7151 | Bailey   | Noticed an orc knight
  7173 | Bailey   | Killed an orc knight
  7174 | Bailey   | Reached XP level 10. HP: 75/88 MP: 9/9
  7192 | Bailey   | Killed a deep elf zephyrmancer
  7211 | Bailey   | Identified the +6 crystal plate armour "Damnable
                  | Contraption" {rC+ SInv}
  7630 | D:9      | Found a sacrificial altar of Ru.
  7630 | D:9      | Found a transporter.
  7632 | D:9      | Noticed a boulder beetle
  7635 | D:9      | Noticed a centaur warrior
  7636 | D:9      | Found a transporter.
  7701 | D:9      | Found a runed translucent gate.
  7701 | D:9      | Found a runed translucent gate.
  7701 | D:9      | Found a runed translucent gate.
  7702 | D:9      | Noticed Zeor's ghost (novice DsGl)
  7702 | D:9      | Noticed a two-headed ogre
  7704 | D:9      | Noticed a four-headed hydra
  7748 | D:9      | Reached skill level 13 in Axes
  7999 | D:9      | Reached skill level 10 in Armour
  8072 | D:9      | Found an ancient bone altar of Kikubaaqudgha.
  8302 | D:10     | Entered Level 10 of the Dungeon
  8587 | D:10     | Found an iron altar of Okawaru.
  8601 | D:10     | Reached skill level 14 in Axes
  8605 | D:10     | Became a worshipper of Warmaster Okawaru
  9345 | D:11     | Noticed a manticore
  9358 | D:11     | Killed a manticore
  9358 | D:11     | Reached * piety under Okawaru
  9359 | D:11     | Reached XP level 11. HP: 40/97 MP: 10/10
 10070 | D:11     | Noticed a tengu warrior
 10083 | D:11     | Killed a tengu warrior
 10629 | D:12     | Reached ** piety under Okawaru
 10630 | D:12     | Reached skill level 10 in Fighting
 10630 | D:12     | Reached skill level 15 in Axes
 11282 | D:12     | Found a staircase to the Orcish Mines.
 11290 | D:12     | Reached skill level 1 in Invocations
 12115 | Orc:1    | Entered Level 1 of the Orcish Mines
 12115 | Orc:1    | Noticed an orc warlord
 12115 | Orc:1    | Noticed an orc sorcerer
 12115 | Orc:1    | Noticed an orc sorcerer
 12125 | D:12     | Killed an orc sorcerer
 12514 | D:12     | Killed an orc warlord
 12514 | D:12     | Reached *** piety under Okawaru
 12514 | D:12     | Received a gift from Okawaru
 12599 | Orc:1    | Killed an orc sorcerer
 12675 | Orc:1    | Noticed an orc knight
 12676 | Orc:1    | Noticed an orc knight
 12700 | D:12     | Killed an orc knight
 12701 | D:12     | Reached skill level 16 in Axes
 12993 | Orc:1    | Killed an orc knight
 12998 | Orc:1    | Noticed an orc knight
 13025 | Orc:1    | Noticed an orc warlord
 13035 | Orc:1    | Killed an orc knight
 13035 | Orc:1    | Reached **** piety under Okawaru
 13352 | Orc:1    | Killed an orc warlord
 13353 | Orc:1    | Reached XP level 12. HP: 86/110 MP: 9/11
 13407 | Orc:1    | Reached skill level 17 in Axes
 13494 | Orc:2    | Entered Level 2 of the Orcish Mines
 13508 | Orc:2    | Noticed an orc high priest
 14519 | Orc:2    | Noticed an ettin
 14528 | Orc:1    | Killed an orc high priest
 14775 | Orc:1    | Mangled by an ettin

Illustrated notes

Levels and vault maps discovered:
D:1:      sevenhm_arrival_forest_fort_large_4, layout_rooms, nrook_mini_vaults,
          minmay_tetromino_s4
D:2:      layout_loops_corners, basic_altar, minmay_misc_feat_hallway
D:3:      layout_basic, mainiacjoe_overflow_tiny_flanked,
          dreamdust_princess_bridge, uniq_terence
D:4:      layout_basic
D:5:      layout_basic, cheibriados_altar_1, minmay_temple_entry_tees,
          serial_curves, eino_curves_01, eino_curves_02, uniq_prince_ribbit1
D:6:      layout_cave_pools, mainiacjoe_overflow_alcove_1,
          evilmike_ruin_ashenzari, lemuel_crystal_altar,
          gammafunk_temple_overflow_wave, serial_demonic, serial_demonic_c,
          serial_demonic_g, serial_demonic_f, serial_demonic_g,
          serial_demonic_g, serial_demonic_b, serial_demonic_g,
          serial_demonic_c, uniq_menkaure
D:7:      layout_loops_corners, eat_drink_and_be_merry_uskayaw, uniq_duvessa
D:8:      layout_basic, lair_entry_dummy, enter_bailey_2
D:9:      layout_roguey, gammafunk_temple_overflow_arena, tgw_kikubaaqudgha,
          gammafunk_ghost_split
D:10:     layout_rooms, okawaru_humans
D:11:     layout_gridville
D:12:     layout_roguey, minmay_orc_entry_guard_dogs
Temple:   hellmonk_temple_of_storms
Orc:1:    layout_caves, serial_shops, nicolae_shop_peninsula, special_room
          [special_room_orc], nicolae_orc_pool_cavern, nicolae_orc_stony_grotto,
          david_defended_altar_orc
Orc:2:    grunt_orc_gardens, layout_diamond_mine, grunt_orc_garden,
          grunt_orc_garden, grunt_orc_garden, grunt_orc_garden

Skill      XL: |  1  2  3  4  5  6  7  8  9 10 11 12 |
---------------+-------------------------------------+-----
Shields        | 4 |  4.4
Fighting       | 4 5 6 8 9 11 12 | 12.3
Armour         | 4 5 6 7 9 11 12 | 12.0
Axes           | 3 4 5 6 8 10 12 14 16 17 | 17.6
Throwing       | 1 2 |  2.5
Invocations    | 1 |  1.9

Action                     |  1- 3 |  4- 6 |  7- 9 | 10-12 || total
---------------------------+-------+-------+-------+-------++-------
  Melee: War axe           |    86 |   123 |   264 |   156 ||   629
         Headbutt          |    13 |    18 |    53 |    68 ||   152
         Unarmed           |       |       |     7 |       ||     7
         Battleaxe         |       |       |       |   184 ||   184
  Throw: Boomerang         |       |     5 |     6 |    31 ||    42
         Dart              |       |     2 |       |       ||     2
 Invoke: Heroism           |       |       |       |     6 ||     6
    Use: Scroll            |     2 |     6 |     6 |    10 ||    24
         Potion            |       |     2 |     3 |     9 ||    14
 Armour: Scale mail        |    38 |    36 |       |       ||    74
         Chain mail        |       |    25 |   176 |   135 ||   336
         Skin              |       |       |     3 |       ||     3
         Plate armour      |       |       |       |    68 ||    68
  Dodge: Dodged            |    33 |    47 |   105 |   120 ||   305
  Block: Buckler           |    23 |    23 |    51 |    58 ||   155
         Reflection        |       |       |       |     7 ||     7
         Other             |       |       |       |    56 ||    56
